 Dungeon Crawl Stone Soup version 0.29-a0-330-g52719c12eb (webtiles) character file.

Game seed: 16578032887908812691

56 tilp the Magician (level 3, -2/30 HPs)
             Began as a Draconian Hedge Wizard on May 13, 2022.
             Shot with a bolt by a hobgoblin (12 damage)
             ... on level 2 of the Dungeon on May 14, 2022.
             The game lasted 00:05:02 (2242 turns).

tilp the Magician (Draconian Hedge Wizard)          Turns: 2242, Time: 00:05:02

Health: -2/30      AC:  7    Str: 12    XL:     3   Next: 69%
Magic:  7/7        EV: 12    Int: 16    God:
Gold:   63         SH:  0    Dex: 10    Spells: 4/8 levels left

rFire   . . .      SeeInvis .   b - +0 rapier
rCold   . . .      Faith    .   (no shield)
rNeg    . . .      Spirit   .   (body armour unavailable)
rPois   .          Reflect  .   e - +0 hat
rElec   .          Harm     .   (no cloak)
rCorr   .          Rampage  .   (no gloves)
Will    .....                   j - +1 pair of boots
Stlth   ++........              h - amulet of the acrobat
HPRegen 0.10/turn               (no ring)
MPRegen 0.10/turn               (no ring)

@: no status effects
A: AC +5, unfitting armour, cold-blooded
a: no special abilities


You were on level 2 of the Dungeon.
You visited 1 branch of the dungeon, and saw 2 of its levels.

You collected 63 gold pieces.

Inventory:

Hand Weapons
 a - a +0 dagger
 b - a +0 rapier (weapon)
Missiles
 f - 12 poisoned darts (quivered)
 i - 80 stones
Armour
 e - a +0 hat (worn)
 j - a +1 pair of boots (worn)
Jewellery
 h - an amulet of the acrobat (around neck)
Potions
 c - a potion of magic
 d - 2 potions of mutation
 g - a potion of attraction
 k - a potion of ambrosia {unknown}
 n - 2 potions of curing


   Skills:
 * Level 2.5 Fighting
 - Level 2.0 Dodging
 - Level 2.0 Stealth
 - Level 3.0 Spellcasting
 + Level 1.3 Conjurations
 * Level 0.9 Hexes
 - Level 1.0 Summonings
 * Level 1.5 Translocations


You had 4 spell levels left.
You knew the following spells:

 Your Spells              Type           Power      Damage    Failure   Level
a - Magic Dart            Conj           24%        1d4       11%         1
b - Slow                  Hex            20%        N/A       13%         1
c - Blink                 Tloc           14%        N/A       16%         2

Your spell library contained the following spells:

 Spells                   Type           Power      Damage    Failure   Level
 Apportation              Tloc           14%        N/A       10%         1
 Summon Small Mammal      Summ           20%        N/A       12%         1
 Animate Skeleton         Necr           4%         N/A       19%         1
 Call Imp                 Summ           5%         N/A       19%         2
 Conjure Flame            Conj/Fire      4%         6-21      38%         3
 Mephitic Cloud           Conj/Pois/Air  3%         N/A       43%         3
 Summon Forest            Summ/Tloc      3%         N/A       97%         5
 Eringya's Noxious Bog    Tmut/Pois      1%         N/A       100%        6
 Summon Hydra             Summ           2%         N/A       100%        7


Dungeon Overview and Level Annotations

Branches:
Dungeon (2/15)

Altars:

Annotations:
D:2 Sigmund


Innate Abilities, Weirdness & Mutations

Your plain brown scales are hard. (AC +5)
You cannot fit into any form of body armour.
You are cold-blooded and may be slowed by cold attacks.


Message History

The bat completely misses you.
The hobgoblin shoots a bolt.
The bolt hits you! The bat misses you.
You hit the bat but do no damage. You tail-slap the bat.
The bat is moderately wounded.
The bat hits you but does no damage. The bat barely misses you.
The rat closely misses you.
You barely miss the rat. The bat hits you but does no damage.
The rat bites you but does no damage.
You hit the bat.
The bat is heavily wounded.
The bat misses you.
The hobgoblin unwields a +0 arbalest.
The hobgoblin wields a +0 mace.
The hobgoblin hits you but does no damage.
The rat closely misses you.
You barely miss the rat. The bat misses you.
The rat bites you but does no damage. The hobgoblin hits you with a +0 mace.
You hit the rat but do no damage. The rat bites you but does no damage.
The hobgoblin hits you with a +0 mace. The bat closely misses you.
You are too injured to fight recklessly!
You are too injured to fight recklessly!
The hobgoblin attacks as you move away! The hobgoblin barely misses you.
The bat misses you. The bat completely misses you.
The hobgoblin attacks as you move away! The hobgoblin closely misses you.
The bat hits you but does no damage. The bat closely misses you.
You hit the bat.
The bat is severely wounded.
The bat hits you but does no damage. The bat closely misses you.
The bat hits you but does no damage.
You closely miss the bat.
The bat is heavily wounded.
The bat barely misses you.
The hobgoblin unwields a +0 mace.
The hobgoblin wields a +0 arbalest.
The hobgoblin shoots a bolt.
The bolt hits you!
* * * LOW HITPOINT WARNING * * *
You completely miss the rat. The rat bites you but does no damage.
You hit the rat.
You kill the rat!
The bat misses you.
The hobgoblin shoots a bolt.
The bolt hits you!
You die...

## ############ .# #..........#
##.## ##..........# # #>..
..........[# # #..# #..........#
# #..# #..........# #
####).############b.........#####
................@†.........).....
.....)........####g.........#####
..........###.# #..........# #
..........# #.# #..........# #
..........# #.# #####..##### #
..........# #.# ##.# #
......†...# #.# #.# ####'######
#.# #.## .....# #.# #..#


You could see a hobgoblin and a bat.

Vanquished Creatures
  An adder (D:2)
  A worm (D:2)
  7 bats
  4 endoplasms
  3 giant cockroaches
  3 hobgoblins (D:1)
  6 kobolds
  A quokka (D:1)
  4 ball pythons
  A frilled lizard (D:1)
  5 goblins
  4 rats
40 creatures vanquished.

Notes
Turn   | Place    | Note
-------+----------+-------------------------------------------
     0 | D:1      | tilp the Draconian Hedge Wizard began the quest for the
                  | Orb.
     0 | D:1      | Reached XP level 1. HP: 14/14 MP: 4/4
   242 | D:1      | Reached skill level 1 in Fighting
   336 | D:1      | Reached XP level 2. HP: 20/23 MP: 6/6
   789 | D:1      | Learned a level 1 spell: Slow
   792 | D:1      | Learned a level 2 spell: Blink
   914 | D:2      | Noticed Sigmund
   942 | D:2      | HP: 1/24 [ball python (2)]
  1498 | D:2      | Reached XP level 3. HP: 29/29 MP: 1/7
  2024 | D:2      | Found a faded altar of an unknown god.
  2242 | D:2      | Shot with a bolt by a hobgoblin

Illustrated notes

Levels and vault maps discovered:
D:1:      lightli_molten_gateway, layout_loops_ring, skrybe_limestone_x,
          minmay_stone_trees_small
D:2:      layout_basic, shapermc_ecumenical_altar_totnotflames, uniq_sigmund,
          uniq_natasha, uniq_crazy_yiuf_cottage

Skill      XL: |  1  2 |
---------------+-------+-----
Fighting       | 1 2 |  2.5
Stealth        | 2 |  2.0
Dodging        | 2 |  2.0
Spellcasting   | |  3.0
Conjurations   | |  1.3
Hexes          | |  0.9
Summonings     | |  1.0
Translocations | |  1.5

Action                   || total
-------------------------++-------
Melee: Rapier            ||   131
       Tailslap          ||    12
       Dagger            ||     1
       Punch             ||     1
 Cast: Magic Dart        ||    12
       Slow              ||     2
       Blink             ||     1
  Use: Scroll            ||     5
 Stab: Sleeping          ||     5
Armor: Skin              ||    52
Dodge: Dodged            ||   160

Table legend: (Time is in decaauts)
 A = Elapsed time spent in this place.
 B = Non-inter-level travel time spent in this place.
 C = Inter-level travel time spent in this place.
 D = Time resting spent in this place.
 E = Time spent auto-exploring this place.
 F = Levels seen in this place.
 G = Mean time per level.
                   A        B        C        D        E       F      G
               +--------+--------+--------+--------+--------+-----+--------+
         Total |   2273 |   2240 |     33 |    565 |   1213 |   2 | 1136.5 |
       Dungeon |   2273 |   2240 |     33 |    565 |   1213 |   2 | 1136.5 |
               +--------+--------+--------+--------+--------+-----+--------+

Top non-repeatable levels by time:
     D:1: 1223 daAuts
     D:2: 1050 daAuts
